 Dungeon Crawl Stone Soup version 0.28.0-53-g5a82cb258f (webtiles) character file.

Game seed: 8505299866945207479

2977 ChickenMitten the Ogre Mage (level 9, 0/88 HPs)
             Began as an Ogre Conjurer on Aug 8, 2022.
             Slain by a yak (21 damage)
             ... on level 7 of the Dungeon.
             The game lasted 00:12:43 (8698 turns).

ChickenMitten the Ogre Mage (Ogre Conjurer)         Turns: 8698, Time: 00:12:43

Health: 0/88       AC:  4    Str: 13    XL:     9   Next: 82%
Magic:  7/23       EV:  9    Int: 23    God:
Gold:   372        SH:  0    Dex:  7    Spells: 26/29 levels left

rFire   . . .      SeeInvis .   z - +4 long sword
rCold   . . .      Faith    .   B - orb {mayhem}
rNeg    . . .      Spirit   .   a - +0 robe
rPois   .          Reflect  .   (helmet restricted)
rElec   .          Harm     .   o - +0 cloak
rCorr   .          Rampage  .   (gloves unavailable)
Will    .....                   (boots unavailable)
Stlth   +.........              (no amulet)
HPRegen 0.24/turn               (no ring)
MPRegen 0.18/turn               (no ring)

@: no status effects
A: large, unfitting armour, tough skin 1
a: no special abilities


You were on level 7 of the Dungeon.
You visited 2 branches of the dungeon, and saw 8 of its levels.

You collected 372 gold pieces.

Inventory:

Hand Weapons
 c - a +0 short sword
 z - a +4 long sword (weapon)
Armour
 a - a +0 robe (worn)
 o - a +0 cloak (worn)
 p - a +0 crystal plate armour
 B - an orb of mayhem (worn)
Jewellery
 D - an amulet of magic regeneration
Scrolls
 b - 3 scrolls of blinking {unknown}
 d - 3 scrolls of noise {unknown}
 e - 3 scrolls of teleportation {unknown}
 f - a scroll of immolation {unknown}
 g - 2 scrolls of holy word {unknown}
 i - 3 scrolls of enchant armour {unknown}
 k - a scroll of silence {unknown}
 l - a scroll of brand weapon {unknown}
 m - a scroll of magic mapping {unknown}
 s - 5 scrolls of identify {unknown}
 t - a scroll of fog {unknown}
 u - a scroll of enchant weapon {unknown}
 x - a scroll of amnesia {unknown}
 y - a scroll of vulnerability {unknown}
 E - a scroll of fear {unknown}
Potions
 h - a potion of mutation {unknown}
 j - 4 potions of heal wounds {unknown}
 n - a potion of curing {unknown}
 q - 2 potions of degeneration {unknown}
 r - a potion of haste
 v - 2 potions of brilliance {unknown}
 w - a potion of attraction {unknown}
 A - a potion of berserk rage {unknown}
 C - a potion of cancellation {unknown}
 F - a potion of resistance {unknown}


   Skills:
 * Level 5.5 Fighting
 - Level 1.7 Dodging
 - Level 1.4 Stealth
 * Level 10.5 Spellcasting
 * Level 8.6 Conjurations


You had 26 spell levels left.
You knew the following spells:

 Your Spells              Type           Power      Damage    Failure   Level
a - Magic Dart            Conj           100%       1d8       1%          1
b - Searing Ray           Conj           100%       2d8       1%          2

Your spell library contained the following spells:

 Spells                   Type           Power      Damage    Failure   Level
 Dazzling Flash           Conj/Hex       62%        N/A       2%          3
 Stone Arrow              Conj/Erth      62%        3d10      2%          3
 Sandblast                Erth           24%        2d8       5%          1
 Passwall                 Tmut/Erth      10%        N/A       9%          2
 Fulminant Prism          Conj/Hex       15%        3d11      9%          4
 Iskenderun's Mystic Bla  Conj/Tloc      31%        2d8       9%          4
 Animate Armour           Summ/Erth      24%        N/A       47%         4
 Iron Shot                Conj/Erth      15%        9d4       80%         6
 Blade Hands              Tmut           6%         N/A       83%         5


Dungeon Overview and Level Annotations

Branches:
Dungeon (7/15)             Temple (1/1) D:6

Altars:
Ashenzari
Cheibriados
Dithmenos
Elyvilon
Fedhas
Hepliaklqana
Kikubaaqudgha
Makhleb
Nemelex Xobeh
Okawaru
Qazlal
Ru
Sif Muna
Trog
Uskayaw
Wu Jian
Xom
Yredelemnul
The Shining One

Shops:
D:1 (   D:4 *

Annotations:
D:4 3 runed translucent doors, diceflayer's ghost, amateur MiFi


Innate Abilities, Weirdness & Mutations

You are too large for most types of armour.
You have tough skin. (AC +1)


Message History

Restarting spell: Searing Ray (safe; 1% risk of failure)
Press: ? - help, Shift-Dir - straight line, f - yak, p - yak
Aim: a yak (almost dead, 90% to hit)
The searing ray hits the yak.
You kill the yak!
The yak flies into a frenzy!
The searing ray hits the yak but does no damage.
The yak is lightly wounded. (Press . to maintain the ray.)
The yak misses you. The yak gores you!
The yak gores the yak!!
The yak gores you.
The yak closely misses the yak.
The yak completely misses the yak.
The yak closely misses you.
Found a glowing gold wand.
The yak barely misses the yak.
The yak gores the yak!!
The yak dies!
The yak gores the yak.
Casting: Searing Ray (safe; 1% risk of failure)
Confirm with . or Enter, or press ? or * to list all spells.
Aiming: Searing Ray (safe; 1% risk of failure)
Press: ? - help, Shift-Dir - straight line, f - yak
Aim: a yak (lightly wounded, fast, strong, frenzied and insane, 90% to hit)
The searing ray hits the yak!
You kill the yak!
The searing ray hits the yak!
The yak is moderately wounded. (Press . to maintain the ray.)
The yak bellows!
The searing ray hits the yak!
The yak is heavily wounded.
The yak gores you!
The searing ray hits the yak!
The yak is severely wounded.
The yak gores you!!
* * * LOW HITPOINT WARNING * * *
The searing ray hits the yak!
The yak is almost dead.
You finish channelling your searing ray.
The yak closely misses you. The yak gores you!!
You die...

#....#...#
#../.#...#....#
#....#...#....+
#....#...#....####
#....#..†#........
#....# ..+........
#....###†#........
#@Y..†............
#.................
#.........####....
#.........# #....
...........#..#....
............#..#....
.............#..#....
....####.....+..+....
#.....#..#....


You could see a neutral yak (fast, strong, insane).

Vanquished Creatures
  3 yaks (D:7)
  Menkaure (D:5)
  A water moccasin (D:6)
  A sky beast (D:6)
  3 ice beasts
  3 black bears
  2 necrophages (D:6)
  2 ogres
  A centaur (D:6)
  2 phantoms
  A bullfrog (D:6)
  5 scorpions
  A water moccasin zombie (D:5)
  A water moccasin skeleton (D:5)
  2 hounds
  A gnoll shaman (D:7)
  3 jellies
  4 orc priests
  A centaur skeleton (D:4)
  An iguana (D:6)
  2 orc wizards
  A hound zombie (D:5)
  4 gnolls (D:7)
  A howler monkey skeleton (D:5)
  3 adders
  A dart slug (D:4)
  5 orcs
  7 endoplasms
  5 giant cockroaches
  9 hobgoblins
  8 jackals
  4 quokkas
  7 ball pythons
  5 bats
  2 frilled lizards
  5 goblins
  10 kobolds
  6 rats
124 creatures vanquished.

Vanquished Creatures (collateral kills)
  A yak (D:7)
  2 giant cockroaches (D:6)
  A quokka (D:6)
4 creatures vanquished.

Grand Total: 128 creatures vanquished

Notes
Turn   | Place    | Note
-------+----------+-------------------------------------------
     0 | D:1      | ChickenMitten the Ogre Conjurer began the quest for the
                  | Orb.
     0 | D:1      | Reached XP level 1. HP: 16/16 MP: 3/3
   183 | D:1      | Found Mety's Weapon Emporium.
   315 | D:1      | Reached XP level 2. HP: 26/26 MP: 2/5
  1179 | D:1      | Reached XP level 3. HP: 32/32 MP: 2/7
  1380 | D:1      | Reached skill level 3 in Spellcasting
  1605 | D:2      | Found a faded altar of an unknown god.
  1958 | D:2      | Learned a level 2 spell: Searing Ray
  2741 | D:3      | Reached skill level 1 in Fighting
  2741 | D:3      | Reached XP level 4. HP: 27/41 MP: 2/9
  2951 | D:3      | Reached skill level 4 in Spellcasting
  2951 | D:3      | Reached XP level 5. HP: 48/48 MP: 5/11
  3031 | D:3      | Reached skill level 5 in Conjurations
  3895 | D:4      | Reached XP level 6. HP: 40/57 MP: 3/13
  4142 | D:4      | Reached skill level 5 in Spellcasting
  4230 | D:4      | Found a runed translucent gate.
  4230 | D:4      | Found a runed translucent gate.
  4231 | D:4      | Found a runed translucent gate.
  4233 | D:4      | Noticed diceflayer's ghost (amateur MiFi)
  4291 | D:4      | Reached XP level 7. HP: 66/66 MP: 7/15
  4360 | D:4      | Found Detaelic's Elemental Accessories.
  4543 | D:4      | Reached skill level 6 in Spellcasting
  5250 | D:5      | Entered Level 5 of the Dungeon
  5540 | D:5      | Reached XP level 8. HP: 69/75 MP: 10/18
  5608 | D:5      | Reached skill level 7 in Spellcasting
  5861 | D:5      | Found a snail-covered altar of Cheibriados.
  6246 | D:5      | Noticed Menkaure
  6254 | D:5      | Killed Menkaure
  6721 | D:6      | Reached skill level 8 in Spellcasting
  7154 | D:6      | Reached XP level 9. HP: 85/85 MP: 14/21
  7210 | D:6      | Found a staircase to the Ecumenical Temple.
  7218 | Temple   | Entered the Ecumenical Temple
  7647 | D:6      | Reached skill level 9 in Spellcasting
  8168 | D:6      | Reached skill level 5 in Fighting
  8686 | D:7      | Reached skill level 10 in Spellcasting
  8698 | D:7      | Slain by a yak

Illustrated notes

Levels and vault maps discovered:
D:1:      kilobyte_arrival_exit_the_forest, layout_loops_corners, serial_shops,
          nicolae_square_shop
D:2:      layout_loops_cross, shapermc_ecumenical_altar_starsandcircs,
          chequers_serial_rivers_small_a
D:3:      layout_basic
D:4:      layout_basic, gammafunk_ghost_split, grunt_ministairs_11,
          kennysheep_pointless_box, nicolae_elemental_shop,
          columned_hall_lemuel, st_stairs_5
D:5:      layout_gridville, mainiacjoe_overflow_catwalk, uniq_menkaure
D:6:      layout_basic, minmay_temple_entry_hall, portal_sewer_entry_f
D:7:      layout_gridville, nicolae_gozag_seed_capital, uniq_duvessa
Temple:   dpeg_five_rooms_temple

Skill      XL: |  1  2  3  4  5  6  7  8  9 |
---------------+----------------------------+-----
Conjurations   | 4 5 6 7 8 |  8.6
Spellcasting   | 3 4 5 6 8 10 | 10.5
Fighting       | 1 2 3 4 5 |  5.5
Dodging        | |  1.7
Stealth        | |  1.4

Action                   |  1- 3 |  4- 6 |  7- 9 || total
-------------------------+-------+-------+-------++-------
Melee: Short sword       |     1 |       |       ||     1
       Unarmed           |     1 |       |       ||     1
       Punch             |     1 |       |       ||     1
 Cast: Magic Dart        |    90 |    47 |   125 ||   262
       Searing Ray       |     1 |    12 |    39 ||    52
  Use: Potion            |     1 |       |       ||     1
Armor: Robe              |     3 |     4 |    29 ||    36
Dodge: Dodged            |    10 |     6 |    29 ||    45
